 Dungeon Crawl Stone Soup version 0.28-a0-1382-g92835e5c71 (webtiles) character file.

Game seed: 63199567344918091

6528 Gwenloh the Frost Mage (level 11, 0/81 HPs)
             Began as a Barachi Ice Elementalist on Dec 31, 2021.
             Was a Priest of Sif Muna.
             Slain by Snorg (24 damage)
             ... on level 11 of the Dungeon on Jan 1, 2022.
             The game lasted 00:53:38 (10678 turns).

Gwenloh the Frost Mage (Barachi Ice Elementalist)  Turns: 10678, Time: 00:53:40

Health: 0/81       AC: 21    Str: 10    XL:     11   Next: 1%
Magic:  18/25      EV: 11    Int: 19    God:    Sif Muna [***...]
Gold:   429        SH:  0    Dex: 13    Spells: 14/30 levels left

rFire   . . .      SeeInvis +   a - +2 trident (freeze)
rCold   + . .      Faith    .   (no shield)
rNeg    . . .      Spirit   .   t - +3 leather armour {rC+}
rPois   .          Reflect  .   q - +2 helmet
rElec   .          Harm     .   G - +0 cloak
rCorr   .          Rampage  .   n - +2 pair of gloves
Will    .....                   (no boots)
Stlth   ++........              c - amulet of magic regeneration
HPRegen 0.23/turn               C - ring of see invisible
MPRegen 0.59/turn               w - ring "Miarex" {Fly Slay+3}

@: ice-armoured, freezing walls, flying, slow
A: amphibious, slowness 1, strong legs 1, +LOS
a: Hop, Renounce Religion, Channel Magic, Forget Spell


You were on level 11 of the Dungeon.
You worshipped Sif Muna.
Sif Muna was most pleased with you.
You visited 2 branches of the dungeon, and saw 11 of its levels.
You also visited: Ossuary.

You collected 429 gold pieces.

Inventory:

Hand Weapons
 a - a +2 trident of freezing (weapon)
 b - the +4 fustibalus of Evisceration {flame, Int+6}
   (You found it on level 9 of the Dungeon)

   Any ammunition fired from it burns those it strikes, dealing additional fire
   damage.
   Int:       It affects your intelligence (+6).
 h - a +0 spear
 k - a +0 spear of venom
 v - a +0 spear of freezing
Missiles
 e - 206 stones (quivered)
 F - a throwing net
 Q - 149 sling bullets
 U - 2 boomerangs of dispersal
Armour
 n - a +2 pair of gloves (worn)
 q - a +2 helmet (worn)
 t - a +3 leather armour of cold resistance (worn)
 B - +1 steam dragon scales
 G - a +0 cloak (worn)
Magical Staves
 d - a staff of death
Jewellery
 c - an amulet of magic regeneration (around neck)
 w - the ring "Miarex" (right hand) {Fly Slay+3}
   (You acquired it in an ossuary)

   [ring of flight]

   Slay:      It affects your accuracy & damage with ranged weapons and melee
   (+3).
   Fly:       It grants you flight.
 C - a ring of see invisible (left hand)
Wands
 f - a wand of paralysis (2)
 i - a wand of polymorph (3)
 r - a wand of flame (46)
 y - a wand of charming (5)
 S - a wand of acid (8)
Scrolls
 g - 2 scrolls of fog
 j - 3 scrolls of blinking
 l - 2 scrolls of teleportation
 s - 2 scrolls of magic mapping
 u - a scroll of vulnerability
 E - a scroll of amnesia
 I - a scroll of enchant weapon
 J - a scroll of summoning
 N - a scroll of immolation {unknown}
 O - a scroll of holy word
 T - a scroll of noise {unknown}
Potions
 m - 3 potions of lignification {unknown}
 o - a potion of might {unknown}
 p - 2 potions of degeneration {unknown}
 x - 4 potions of heal wounds {unknown}
 z - 2 potions of resistance {unknown}
 A - 3 potions of brilliance
 D - 3 potions of mutation {unknown}
 H - 3 potions of haste {unknown}
 K - a potion of invisibility {unknown}
 L - 2 potions of curing {unknown}
 M - a potion of flight {unknown}
 P - 4 potions of berserk rage
Miscellaneous
 R - a box of beasts


   Skills:
 - Level 6.3 Fighting
 - Level 3.0 Armour
 - Level 2.1 Dodging
 - Level 1.7 Stealth
 + Level 10.4 Spellcasting
 - Level 4.0 Conjurations
 + Level 12.9 Ice Magic
 + Level 3.5 Air Magic


You had 14 spell levels left.
You knew the following spells:

 Your Spells              Type           Power      Damage    Failure   Level
a - Freeze                Ice            100%       1d11      1%          1
b - Frozen Ramparts       Ice            100%       1d12      1%          3
c - Ozocubu's Armour      Ice            56%        N/A       1%          3
d - Hailstorm             Conj/Ice       42%        3d10      3%          4
e - Freezing Cloud        Conj/Ice/Air   17%        6-21      16%         5

Your spell library contained the following spells:

 Spells                   Type           Power      Damage    Failure   Level
 Animate Skeleton         Necr           18%        N/A       10%         1
 Apportation              Tloc           18%        N/A       10%         1
 Summon Small Mammal      Summ           36%        N/A       10%         1
 Dazzling Flash           Conj/Hex       34%        N/A       12%         3
 Iskenderun's Mystic Bla  Conj/Tloc      17%        2d5       38%         4
 Animate Armour           Summ/Erth      18%        N/A       67%         4
 Simulacrum               Ice/Necr       17%        N/A       71%         6
 Silence                  Hex/Air        8%         N/A       77%         5
 Agony                    Necr           9%         N/A       95%         5
 Blade Hands              Tmut           4%         N/A       95%         5
 Iron Shot                Conj/Erth      8%         9d3       99%         6
 Starburst                Conj/Fire      8%         6d4       99%         6
 Polar Vortex             Ice            28%        N/A       100%        9


Dungeon Overview and Level Annotations

Branches:
Dungeon (9/15)             Temple (1/1) D:5         Ossuary (visited)
   Lair: D:8-11         Orc: D:9-12

Altars:
Ashenzari
Cheibriados
Dithmenos
Elyvilon
Fedhas
Gozag
Hepliaklqana
Makhleb
Nemelex Xobeh
Okawaru
Qazlal
Ru
Sif Muna
Trog
Uskayaw
Vehumet
Wu Jian
Xom
Yredelemnul
Zin
The Shining One

Shops:
D:2 :   D:7 *

Annotations:
D:11 Snorg


Innate Abilities, Weirdness & Mutations

You are amphibious.
You cover ground slowly.
You can hop short distances.
You have an extended range of vision and can be seen from far away.


Message History

Aim: Snorg (heavily wounded, berserk)
You freeze Snorg!
Snorg is heavily wounded.
The wall freezes Snorg.
Snorg closely misses you. x2; Snorg barely misses you.
Unknown command.
Casting: Freeze (safe; 1% risk of failure)
Confirm with . or Enter, or press ? or * to list all spells.
Aiming: Freeze (safe; 1% risk of failure)
Press: ? - help, Shift-Dir - straight line, f/p - Snorg
Aim: Snorg (heavily wounded, berserk)
You freeze Snorg!
Snorg is heavily wounded.
The wall freezes Snorg!
Snorg barely misses you. Snorg closely misses you. Snorg claws you.
The wall freezes Snorg!
Snorg closely misses you. Snorg barely misses you. Snorg claws you!
You hit Snorg. You freeze Snorg.
Snorg is severely wounded.
The wall freezes Snorg!
Snorg closely misses you. Snorg claws you. Snorg barely misses you.
The wall freezes Snorg.
Snorg closely misses you. Snorg claws you!
* * * LOW HITPOINT WARNING * * *
Snorg claws you but does no damage.
Casting: Freeze (safe; 1% risk of failure)
Confirm with . or Enter, or press ? or * to list all spells.
Aiming: Freeze (safe; 1% risk of failure)
Press: ? - help, Shift-Dir - straight line, f/p - Snorg
Aim: Snorg (almost dead, berserk)
You freeze Snorg!
Snorg is almost dead.
The wall freezes Snorg.
Snorg closely misses you. Snorg barely misses you. x2
Unknown command.
Casting: Freeze (safe; 1% risk of failure)
Confirm with . or Enter, or press ? or * to list all spells.
Aiming: Freeze (safe; 1% risk of failure)
Press: ? - help, Shift-Dir - straight line, f/p - Snorg
Aim: Snorg (almost dead, berserk)
You freeze Snorg.
Snorg is almost dead.
The wall freezes Snorg.
Snorg bites you!!
You die...

########## #### #### #........#
#..# #..## #........# #..# #....
#........# #..# #..## #........#
#..# #..#
#........########..#####..##
#...........................
#.........T@................
#........######..######..###
#........# #..# #..#
.####........# #..# #..#
..............######..######..#
...........................)...
................................
..............#############....$
..............# #......


You could see Snorg (berserk).

Vanquished Creatures
  A two-headed ogre (D:9)
  Maurice (D:8)
  Maggie (D:6)
  A hornet (D:9)
  A shadow (D:9)
  A vampire (D:9)
  A wyvern (D:8)
  Grum (D:9)
  A steam dragon (D:8)
  Edmund (D:4)
  2 orc warriors
  2 sky beasts
  An ice beast (D:8)
  5 ogres
  2 black bears
  2 necrophages (D:6)
  4 wolves (D:9)
  A phantom (D:3)
  2 centaurs (D:8)
  A bullfrog (D:7)
  2 scorpions (D:5)
  6 water moccasin zombies
  2 water moccasin skeletons
  11 killer bees
  3 wights (D:6)
  An electric eel (D:7)
  A howler monkey (D:6)
  A centaur zombie (D:9)
  4 hounds
  3 jellies
  A centaur skeleton (D:6)
  9 orc priests
  Crazy Yiuf (D:7)
  A gnoll shaman (D:4)
  A bullfrog skeleton (D:4)
  An iguana (D:5)
  6 orc wizards
  2 mummies (Ossuary)
  2 howler monkey zombies
  Robin (D:3)
  11 gnolls
  6 adders
  A shadow imp (D:5)
  A white imp (D:8)
  An ufetubus (D:6)
  An adder skeleton (D:2)
  12 adder zombies
  3 worms
  3 dart slugs
  21 orcs
  2 bat skeletons (D:2)
  2 bat zombies (D:2)
  3 endoplasms
  3 giant cockroaches
  13 goblins
  10 hobgoblins
  6 jackals
  3 kobolds
  4 quokkas
  4 ball pythons
  6 bats
  4 frilled lizards
  3 gnoll zombies (Ossuary)
  2 hobgoblin zombies (Ossuary)
  A jackal skeleton (D:2)
  A jackal zombie (D:2)
  2 kobold zombies (Ossuary)
  4 orc zombies (Ossuary)
  2 quokka skeletons (D:2)
  2 rats
228 creatures vanquished.

Vanquished Creatures (others)
  A bullfrog (D:8)
  A fungus (D:1)
  8 plants
  6 withered plants (D:2)
16 creatures vanquished.

Grand Total: 244 creatures vanquished

Notes
Turn   | Place    | Note
-------+----------+-------------------------------------------
     0 | D:1      | Gwenloh the Barachi Ice Elementalist began the quest for
                  | the Orb.
     0 | D:1      | Reached XP level 1. HP: 13/13 MP: 3/3
   268 | D:1      | Reached skill level 5 in Ice Magic
   433 | D:1      | Reached XP level 2. HP: 19/19 MP: 2/5
   458 | D:1      | Found a faded altar of an unknown god.
   851 | D:2      | Found a shimmering altar of Xom.
  1051 | D:2      | Reached XP level 3. HP: 24/24 MP: 5/7
  1055 | D:2      | Learned a level 3 spell: Frozen Ramparts
  1059 | D:2      | Learned a level 3 spell: Ozocubu's Armour
  1994 | D:2      | Reached XP level 4. HP: 30/30 MP: 9/9
  1995 | D:2      | Found Ceuc's Book Emporium.
  2169 | D:2      | Reached skill level 6 in Ice Magic
  2464 | D:2      | Reached XP level 5. HP: 35/35 MP: 8/10
  2473 | D:2      | Learned a level 4 spell: Hailstorm
  2960 | D:3      | Upgraded the game from 0.28-a0-1374-ga75cb3825e to
                  | 0.28-a0-1382-g92835e5c71
  2961 | D:4      | Noticed Robin
  3004 | D:3      | Reached skill level 1 in Conjurations
  3105 | D:3      | Killed Robin
  3247 | D:4      | Reached XP level 6. HP: 41/41 MP: 7/12
  3396 | D:3      | HP: 1/41 [phantom (3)]
  3401 | D:3      | Reached skill level 7 in Ice Magic
  3885 | D:4      | Reached skill level 5 in Spellcasting
  3885 | D:4      | Reached XP level 7. HP: 39/46 MP: 14/14
  4170 | D:4      | Found an ornate altar of the Wu Jian Council.
  4308 | D:5      | Entered Level 5 of the Dungeon
  4381 | D:5      | Reached skill level 8 in Ice Magic
  4575 | D:5      | Noticed Edmund
  4633 | D:4      | Killed Edmund
  4634 | D:4      | Reached XP level 8. HP: 37/52 MP: 13/17
  4815 | D:5      | Reached skill level 1 in Armour
  5399 | D:5      | Found a sparkling altar of Nemelex Xobeh.
  5403 | D:5      | Found a bloodstained altar of Trog.
  5407 | D:5      | Found an iron altar of Okawaru.
  5477 | D:5      | Found a staircase to the Ecumenical Temple.
  5770 | Temple   | Entered the Ecumenical Temple
  5813 | Temple   | Became a worshipper of Sif Muna the Loreminder
  5867 | D:6      | Reached skill level 9 in Ice Magic
  6114 | D:6      | Noticed Maggie
  6486 | D:6      | Reached XP level 9. HP: 57/57 MP: 5/20
  6690 | D:6      | Reached skill level 10 in Ice Magic
  6773 | D:6      | Killed Maggie
  7128 | D:7      | Reached skill level 1 in Fighting
  7233 | D:7      | Identified the +0 chain mail of Beogh's Esteem {rC+ Dex+2
                  | SInv}
  7410 | D:7      | Reached * piety under Sif Muna
  7425 | D:7      | Found a glowing silver altar of Zin.
  7585 | D:7      | Found Fevut's Assorted Antiques.
  7687 | D:7      | Reached skill level 11 in Ice Magic
  7841 | D:7      | Found a runed translucent door.
  7842 | D:7      | Noticed Crazy Yiuf
  8151 | D:7      | Killed Crazy Yiuf
  8204 | D:8      | Found a sand-covered staircase.
  8207 | D:8      | Noticed Maurice
  8214 | Ossuary  | Entered an ossuary
  8385 | Ossuary  | Reached ** piety under Sif Muna
  8392 | Ossuary  | Reached XP level 10. HP: 72/73 MP: 11/23
  8479 | Ossuary  | Identified a scroll of acquirement
  8482 | Ossuary  | Acquired the ring "Miarex" {Fly Slay+3}
  8498 | D:8      | Paralysed by Maurice for 7 turns
  8511 | D:8      | Killed Maurice
  8512 | D:8      | Reached skill level 5 in Fighting
  8763 | D:8      | Acquired a book of Ice
  8966 | D:8      | Found a snail-covered altar of Cheibriados.
  8969 | D:8      | Found a stormy altar of Qazlal.
  9050 | D:8      | Reached skill level 12 in Ice Magic
  9385 | D:8      | Learned a level 5 spell: Freezing Cloud
  9630 | D:9      | Noticed Grum
  9633 | D:9      | Reached skill level 10 in Spellcasting
  9633 | D:9      | Reached skill level 1 in Air Magic
  9640 | D:9      | Killed Grum
  9722 | D:9      | Noticed a two-headed ogre
  9727 | D:9      | Killed a two-headed ogre
  9769 | D:9      | Identified the +4 fustibalus of Evisceration {flame, Int+6}
 10330 | D:9      | Found a hide-covered altar of Uskayaw.
 10441 | D:9      | Reached XP level 11. HP: 81/81 MP: 17/25
 10469 | D:9      | Reached *** piety under Sif Muna
 10580 | D:9      | You are sucked into a shaft and drop 2 floors!
 10657 | D:11     | Noticed Snorg
 10678 | D:11     | Slain by Snorg

Illustrated notes

Levels and vault maps discovered:
D:1:      dpeg_arrival_arbitrary_c, layout_basic,
          dreamdust_ecumenical_altar_hidden_monk_grotto
D:2:      layout_basic, serial_shops, shop_statue, serial_undead,
          serial_undead_a, serial_undead_b, serial_undead_a, serial_undead_b,
          serial_undead_d, serial_undead_e, serial_undead_a, serial_undead_d,
          serial_undead_b, serial_undead_a, basic_altar
D:3:      layout_basic, chequers_serial_rivers_room_b
D:4:      layout_cave_pools, nzn_wu_jian_council_hall,
          chequers_serial_rivers_micro_e, hangedman_decor_peaks_small,
          st_stairs_7, uniq_robin
D:5:      layout_loops_corners, grunt_temple_overflow_diamond,
          minmay_temple_entry_crystal_x, uniq_edmund
D:6:      layout_cave_pools, uniq_maggie
D:7:      layout_loops_ring, zin_academy, serial_shops, shop,
          minmay_crystal_water, uniq_crazy_yiuf_cottage
D:8:      layout_cave_pools, nicolae_overflow_hidden_temple,
          nicolae_ossuary_entry_false_entrances, grunt_ministairs_6,
          uniq_maurice
D:9:      layout_gridville, mainiacjoe_overflow_brackets, dpeg_lair_monsters,
          hangedman_weighted_door, uniq_grum
D:11:     layout_small_grid, kennysheep_orc_monster_closet_entryway,
          serial_bayou, serial_bayou_pond_d, serial_bayou_pond_c,
          serial_bayou_pond_d, serial_bayou_lagoon_a, uniq_snorg
Temple:   cyrus_circular_temple

Skill      XL: |  1  2  3  4  5  6  7  8  9 10 |
---------------+-------------------------------+-----
Ice Magic      | 5 6 7 8 9 11 12 | 12.9
Spellcasting   | 3 4 5 6 7 9 10 | 10.4
Conjurations   | 1 3 4 |  4.0
Armour         | 3 |  3.0
Fighting       | 4 6 |  6.3
Air Magic      | 3 |  3.5
Dodging        | |  2.1
Stealth        | |  1.7

Action                   |  1- 3 |  4- 6 |  7- 9 | 10-12 || total
-------------------------+-------+-------+-------+-------++-------
Melee: Unarmed           |     3 |     3 |       |       ||     6
       Spear             |    63 |   135 |   163 |       ||   361
       Trident           |       |       |    73 |    40 ||   113
 Fire: Fustibalus        |       |       |       |    25 ||    25
Throw: Stone             |     1 |    18 |    66 |    25 ||   110
       Boomerang         |     1 |    17 |       |       ||    18
 Cast: Freeze            |    42 |    12 |    17 |    11 ||    82
       Ozocubu's Armour  |     6 |    19 |    35 |    13 ||    73
       Frozen Ramparts   |     5 |    18 |    46 |    16 ||    85
       Hailstorm         |       |     2 |    27 |    13 ||    42
       Freezing Cloud    |       |       |       |     5 ||     5
 Abil: Hop               |       |     1 |     1 |       ||     2
Evoke: Wand              |       |       |     2 |       ||     2
  Use: Potion            |       |     1 |       |       ||     1
       Scroll            |       |       |     7 |     7 ||    14
 Stab: Distracted        |       |       |     1 |       ||     1
Armor: Robe              |    50 |    71 |    16 |       ||   137
       Skin              |       |     1 |       |       ||     1
       Leather armour    |       |       |   118 |    36 ||   154
Dodge: Dodged            |   108 |    78 |   127 |    49 ||   362

Table legend: (Time is in decaauts)
 A = Elapsed time spent in this place.
 B = Non-inter-level travel time spent in this place.
 C = Inter-level travel time spent in this place.
 D = Time resting spent in this place.
 E = Time spent auto-exploring this place.
 F = Levels seen in this place.
 G = Mean time per level.
                   A        B        C        D        E       F      G
               +--------+--------+--------+--------+--------+-----+--------+
         Total |  11942 |  10923 |   1019 |   1971 |   5441 |  12 |  995.2 |
       Dungeon |  11587 |  10577 |   1010 |   1909 |   5317 |  10 | 1158.7 |
        Temple |     61 |     52 |      9 |      0 |     38 |   1 |   61.0 |
       Ossuary |    293 |    293 |      0 |     62 |     85 |   1 |  293.0 |
               +--------+--------+--------+--------+--------+-----+--------+

Top non-repeatable levels by time:
     D:2: 1704 daAuts
     D:5: 1561 daAuts
     D:7: 1424 daAuts
     D:8: 1366 daAuts
     D:6: 1332 daAuts
     D:1: 1225 daAuts
     D:4: 1163 daAuts
     D:3: 1061 daAuts
     D:9: 632 daAuts
 Ossuary: 293 daAuts
    D:11: 114 daAuts
  Temple: 61 daAuts
